 Dungeon Crawl Stone Soup version 0.29-a0-468-ge57f7f99b4 (webtiles) character file.

Game seed: 17714866998929140812

482 xian the Conjurer (level 6, 0/47 HPs)
             Began as a Draconian Conjurer on May 21, 2022.
             Slain by a bullfrog (3 damage)
             ... on level 5 of the Dungeon.
             The game lasted 00:10:09 (3463 turns).

xian the Conjurer (Draconian Conjurer)              Turns: 3463, Time: 00:10:10

Health: 0/47       AC:  6    Str: 16    XL:     6   Next: 87%
Magic:  1/12       EV: 12    Int: 20    God:
Gold:   230        SH:  0    Dex:  9    Spells: 8/13 levels left

rFire   + . .      SeeInvis .   c - +0 spear
rCold   x . .      Faith    .   (no shield)
rNeg    . . .      Spirit   .   (body armour unavailable)
rPois   .          Reflect  .   (helmet restricted)
rElec   .          Harm     .   x - scarf {+Inv}
rCorr   .          Rampage  .   (no gloves)
Will    .....                   (no boots)
Stlth   ++........              (no amulet)
HPRegen 0.15/turn               b - ring of fire
MPRegen 0.13/turn               g - +6 ring of strength

@: flying
A: AC +6, unfitting armour, cold-blooded
a: Evoke Invisibility


You were on level 5 of the Dungeon.
You visited 1 branch of the dungeon, and saw 4 of its levels.

You collected 230 gold pieces.

Inventory:

Hand Weapons
 c - a +0 spear (weapon)
Armour
 x - a scarf of invisibility (worn)
Magical Staves
 k - a staff of fire
 n - a staff of air
Jewellery
 b - a ring of fire (left hand)
 g - a +6 ring of strength (right hand)
 t - an amulet of regeneration
Wands
 s - a wand of paralysis (3)
 w - a wand of acid (5)
Scrolls
 h - a scroll of poison {unknown}
 j - a scroll of brand weapon {unknown}
 l - a scroll of teleportation {unknown}
 o - 2 scrolls of magic mapping {unknown}
 p - a scroll of amnesia {unknown}
 q - 2 scrolls of identify {unknown}
 r - 2 scrolls of blinking {unknown}
 v - a scroll of fog {unknown}
Potions
 a - a potion of magic
 d - a potion of heal wounds {unknown}
 e - a potion of flight
 f - a potion of resistance {unknown}
 i - a potion of lignification {unknown}
 m - a potion of berserk rage {unknown}
 u - a potion of ambrosia {unknown}


   Skills:
 + Level 1.0 Fighting
 + Level 1.4 Polearms
 + Level 2.5 Dodging
 + Level 3.2 Stealth
 + Level 4.0 Spellcasting
 + Level 5.5 Conjurations
 + Level 1.5 Transmutations
 + Level 0.8 Earth Magic


You had 8 spell levels left.
You knew the following spells:

 Your Spells              Type           Power      Damage    Failure   Level
a - Magic Dart            Conj           100%       1d8       1%          1
b - Searing Ray           Conj           52%        2d6       1%          2
c - Passwall              Tmut/Erth      6%         N/A       12%         2

Your spell library contained the following spells:

 Spells                   Type           Power      Damage    Failure   Level
 Dazzling Flash           Conj/Hex       30%        N/A       12%         3
 Call Imp                 Summ           4%         N/A       19%         2
 Ensorcelled Hibernation  Hex/Ice        8%         N/A       19%         2
 Mephitic Cloud           Conj/Pois/Air  11%        N/A       19%         3
 Ozocubu's Armour         Ice            4%         N/A       36%         3
 Swiftness                Air            4%         N/A       36%         3
 Fulminant Prism          Conj/Hex       7%         3d7       38%         4
 Iskenderun's Mystic Bla  Conj/Tloc      15%        2d5       38%         4
 Ozocubu's Refrigeration  Ice            2%         4d5       100%        7


Dungeon Overview and Level Annotations

Branches:
Dungeon (5/15)
 Temple: D:4-7

Altars:

Shops:
D:2 [:


Innate Abilities, Weirdness & Mutations

Your plain brown scales are hard. (AC +6)
You cannot fit into any form of body armour.
You are cold-blooded and may be slowed by cold attacks.


Message History

You closely miss the orc priest.
The orc priest is heavily wounded.
The orc priest hits you with a +0 mace.
You hit the orc priest but do no damage.
The orc priest is heavily wounded.
The orc priest mumbles some strange prayers to Beogh against you.
Pain shoots through your body!
* * * LOW HITPOINT WARNING * * *
You hit the orc priest but do no damage.
You tail-slap the orc priest, but do no damage.
The orc priest is heavily wounded.
The orc priest hits you with a +0 mace.
* * * LOW HITPOINT WARNING * * *
The orc priest hits you with a +0 mace.
* * * LOW HITPOINT WARNING * * *
The orc priest attacks as you move away!
The orc priest closely misses you.
The orc priest invokes the aid of Beogh against you.
Pain shoots through your body!
* * * LOW HITPOINT WARNING * * *
You are too injured to fight recklessly!
There are no items here.
Aiming: Magic Dart (safe; 1% risk of failure)
Press: ? - help, Q - select action, (/) - cycle Shift-Dir - straight line, f - orc priest, p - bullfrog
Aim: an orc priest, wielding a +0 mace and wearing a +0 ring mail (heavily wounded, 100% to hit)
The magic dart hits the orc priest but does no damage.
The orc priest is heavily wounded.
The orc priest looks encouraged for a moment.
The bullfrog attacks as you move away!
The bullfrog hits you but does no damage. x2
The bullfrog attacks as you move away! The bullfrog closely misses you.
The bullfrog closely misses you. The bullfrog attacks as you move away!
The bullfrog barely misses you. The bullfrog hits you.
* * * LOW HITPOINT WARNING * * *
You see here a hound corpse.
It was a potion of flight.
You feel very buoyant.
You fly up into the air.
The bullfrog hits you.
You die...

#......# ####.### ####
.#...o..##########. ##...#
#.#.##..........))))
##..≈..###.#.###############.
##..≈≈≈..##.#o#
##..≈≈≈≈≈..#.#.#
##..≈≈≈≈≈≈≈...#F#
#..≈≈≈≈≈≈≈≈≈..#@#
#...≈≈≈≈≈≈≈...#.#
#.#..≈≈≈≈≈..#...#
#.##..≈≈≈..###..# .#
#.###..≈..##....# ..# #.#
##.)†####.#.### #.#
#.###.#...##....#.. #.#
#....#####......#.# #.#
#####.###.##...##.# #.#


You could see a bullfrog and an orc priest.

Vanquished Creatures
  A bullfrog (D:4)
  A necrophage (D:4)
  A scorpion (D:4)
  2 hounds (D:5)
  A gnoll shaman (D:5)
  An orc priest (D:5)
  7 adders
  4 gnolls (D:5)
  A dart slug (D:1)
  11 orcs
  6 ball pythons
  A bat (D:2)
  5 endoplasms
  2 giant cockroaches (D:4)
  3 goblins
  5 hobgoblins
  7 jackals
  3 kobolds
  3 quokkas
  4 rats
69 creatures vanquished.

Notes
Turn   | Place    | Note
-------+----------+-------------------------------------------
     0 | D:1      | xian the Draconian Conjurer began the quest for the Orb.
     0 | D:1      | Reached XP level 1. HP: 14/14 MP: 3/3
   294 | D:1      | Reached XP level 2. HP: 20/20 MP: 0/5
   412 | D:1      | Found a faded altar of an unknown god.
   794 | D:2      | Found Etytsur's Book Emporium.
   876 | D:2      | Found Coafom's Antique Weapon Shop.
   942 | D:2      | Learned a level 2 spell: Searing Ray
   945 | D:2      | Learned a level 2 spell: Passwall
  1343 | D:2      | Found Eruepuam's Antique Armour Boutique.
  1451 | D:2      | Reached XP level 3. HP: 26/26 MP: 4/6
  1734 | D:2      | You fall into a shaft and drop 2 floors!
  1772 | D:4      | Noticed a bullfrog
  1782 | D:4      | Killed a bullfrog
  1783 | D:4      | Reached skill level 5 in Conjurations
  1783 | D:4      | Reached skill level 1 in Transmutations
  1783 | D:4      | Reached XP level 4. HP: 24/34 MP: 1/8
  1886 | D:4      | Noticed a scorpion
  1891 | D:4      | Killed a scorpion
  1892 | D:4      | Reached XP level 5. HP: 39/39 MP: 4/9
  2005 | D:4      | Reached skill level 1 in Polearms
  2493 | D:4      | Reached XP level 6. HP: 40/46 MP: 2/11
  2922 | D:5      | Entered Level 5 of the Dungeon
  3276 | D:5      | Reached skill level 1 in Fighting
  3451 | D:5      | HP: 2/47 [orc priest/nerve-wracking pain (7)]
  3463 | D:5      | Slain by a bullfrog

Illustrated notes

Levels and vault maps discovered:
D:1:      minmay_arrival_glassed_features, layout_basic,
          shapermc_ecumenical_altar_starsandcircs
D:2:      kennysheep_six_static_rooms, layout_basic, serial_shops,
          nicolae_shop_stone, shop, nicolae_shop_crystal,
          nicolae_lakefront_shop, chequers_serial_rivers_marsh
D:4:      layout_loops_cross, hangedman_decor_points
D:5:      layout_loops_ring, amcnicky_mini_pool_medium

Skill      XL: |  1  2  3  4  5  6 |
---------------+-------------------+-----
Stealth        | 2 3 |  3.2
Dodging        | 2 |  2.5
Spellcasting   | 3 4 |  4.0
Conjurations   | 5 |  5.5
Transmutations | 1 |  1.5
Polearms       | 1 |  1.4
Fighting       | 1 |  1.0
Earth Magic    | |  0.8

Action                   |  1- 3 |  4- 6 || total
-------------------------+-------+-------++-------
Melee: Spear             |    23 |    10 ||    33
       Tailslap          |       |     3 ||     3
 Cast: Magic Dart        |    56 |    53 ||   109
       Passwall          |     4 |       ||     4
       Searing Ray       |     1 |    12 ||    13
  Use: Potion            |       |     1 ||     1
Armor: Skin              |    19 |    18 ||    37
Dodge: Dodged            |    32 |    26 ||    58

Table legend: (Time is in decaauts)
 A = Elapsed time spent in this place.
 B = Non-inter-level travel time spent in this place.
 C = Inter-level travel time spent in this place.
 D = Time resting spent in this place.
 E = Time spent auto-exploring this place.
 F = Levels seen in this place.
 G = Mean time per level.
                   A        B        C        D        E       F      G
               +--------+--------+--------+--------+--------+-----+--------+
         Total |   3469 |   3392 |     77 |    150 |   2643 |   4 |  867.2 |
       Dungeon |   3469 |   3392 |     77 |    150 |   2643 |   4 |  867.2 |
               +--------+--------+--------+--------+--------+-----+--------+

Top non-repeatable levels by time:
     D:4: 1272 daAuts
     D:1: 898 daAuts
     D:2: 841 daAuts
     D:5: 457 daAuts
